AoeStats
← Infadel

Arabia

509026027Analyzed
1v1 RM · 7d ago on Sep 25, 2026· 18m 6s· 2 players
Game mode
Random Map
Map size
Tiny (2 player)
Population
200
Speed
Normal
Resources
Standard
Victory
Conquest
Starting age
Dark Age
Ending age
Imperial Age
RankedLock teamsTeams togetherTeam positionsShared explorationLock speedFull tech treeHidden civsTurbo modeCheats
Victory
Defeat
🇮🇳 Mongols · India
1116
+18
🇦🇷 Spanish · Argentina
1166
-18
Infadel
7:20 Loom
9:06 Feudal Age
16:46 Forging
16:42 Scale Barding Armor
16:30 Double-Bit Axe
FreeBlue1985
8:40 Loom
10:58 Feudal Age
16:28 Castle Age
16:42 Fletching
Connection lost

Rejoining the realm…

Still unreachable

The connection could not be restored.

Session expired

The server has moved on; the page needs a fresh start.